 Dungeon Crawl Stone Soup version 0.30-a0-778-g2ef04afb54 (webtiles) character file.

Game seed: 6687932842674668738

95 greasedhog the Stinger (level 4, -9/24 HPs)
             Began as a Gargoyle Venom Mage on Feb 15, 2023.
             Killed from afar by a white imp (11 damage)
             ... with a puff of frost
             ... on level 4 of the Dungeon.
             The game lasted 00:04:12 (3174 turns).

greasedhog the Stinger (Gargoyle Venom Mage)        Turns: 3174, Time: 00:04:13

Health: -9/24      AC:  5    Str: 11    XL:     4   Next: 65%
Magic:  7/8        EV: 11    Int: 24    God:
Gold:   161        SH:  5    Dex: 10    Spells: 3/9 levels left

rFire   . . .      SeeInvis .    s - +1 dagger (holy)
rCold   . . .      Faith    .    (no shield)
rNeg    + . .      Spirit   .    a - +0 robe
rPois   ∞          Reflect  +    (no helmet)
rElec   +          Harm     .    (no cloak)
rCorr   .          Rampage  .    (no gloves)
Will    .....                    (no boots)
Stlth   ++                       l - amulet of reflection
HPRegen 0.24/turn                c - +6 ring of intelligence
MPRegen 0.11/turn                (no ring)

@: no status effects
A: sickness immunity, AC +3, negative energy resistance 1, electricity
resistance, torment resistance 1, petrification resistance
a: no special abilities


You were on level 4 of the Dungeon.
You visited 1 branch of the dungeon, and saw 4 of its levels.

You collected 181 gold pieces.
You spent 20 gold pieces at shops.

Inventory:

Hand Weapons
 d - a +0 short sword
 s - a +1 dagger of holy wrath (weapon)
Armour
 a - a +0 robe (worn)
Jewellery
 c - a +6 ring of intelligence (left hand)
 l - an amulet of reflection (around neck)
 n - a ring of fire
Scrolls
 e - a scroll of enchant weapon
 f - 2 scrolls of fog
 g - 2 scrolls of blinking
 h - 2 scrolls of poison {unknown}
 o - 3 scrolls of amnesia {unknown}
 p - 4 scrolls of noise {unknown}
 q - a scroll of fear {unknown}
 r - a scroll of immolation
Potions
 b - 2 potions of magic
 i - a potion of attraction
 j - a potion of curing {unknown}
 k - a potion of resistance {unknown}
 m - a potion of might {unknown}
 t - a potion of heal wounds {unknown}


   Skills:
 - Level 1.5 Dodging
 - Level 2.1 Stealth
 * Level 3.3 Spellcasting
 - Level 1.0 Transmutations
 * Level 4.2 Poison Magic


You had 3 spell levels left.
You knew the following spells:

 Your Spells              Type           Power      Damage    Failure   Level
a - Sting                 Tmut/Pois      64%        1d6       3%          1
b - Poisonous Vapours     Pois/Air       28%        N/A       7%          2
c - Mephitic Cloud        Conj/Pois/Air  10%        N/A       19%         3

Your spell library contained the following spells:

 Spells                   Type           Power      Damage    Failure   Level
 Magic Dart               Conj           12%        1d3       11%         1
 Necrotise                Necr           12%        1d4       11%         1
 Call Imp                 Summ           3%         N/A       16%         2
 Dazzling Flash           Conj/Hex       6%         N/A       32%         3
 Vampiric Draining        Necr           3%         2d6       32%         3
 Olgreb's Toxic Radiance  Pois           24%        N/A       19%         4
 Dispel Undead            Necr           3%         3d7       71%         4
 Agony                    Necr           3%         N/A       96%         5
 Silence                  Hex/Air        1%         N/A       96%         5
 Death Channel            Necr           1%         N/A       100%        6
 Cigotuvi's Dreadful Rot  Necr/Pois/Air  Unusable   N/A       N/A         2

Dungeon Overview and Level Annotations

Branches:
Dungeon (4/15)
 Temple: D:4-7

Altars:
Hepliaklqana

Shops:
D:2 ?


Innate Abilities, Weirdness & Mutations

You are immune to sickness and miasma.
Your stone body is resilient. (AC +3)
You are immune to poison.
You resist negative energy. (rN+)
You are resistant to electric shocks. (rElec)
You are resistant to unholy torment.
You are immune to petrification.


Message History

You are too injured to fight recklessly!
You barely miss the white imp.
The white imp is heavily wounded.
The white imp barely misses you. You block the goblin's attack.
You hit the white imp but do no damage.
The white imp is heavily wounded.
The white imp hits you but does no damage.
The goblin barely misses you.
You barely miss the white imp.
The white imp is heavily wounded.
The white imp hits you.
* * * LOW HITPOINT WARNING * * *
The white imp freezes you.
* * * LOW HITPOINT WARNING * * *
The goblin hits you but does no damage.
Casting: Sting (safe; 3% risk of failure)
Confirm with . or Enter, or press ? or * to list all spells.
Aiming: Sting (safe; 3% risk of failure)
Press: ? - help, Shift-Dir - straight line, f - white imp
Aim: a white imp (heavily wounded, 74% to hit)
The sting misses the white imp.
The white imp hits you but does no damage.
The goblin hits you but does no damage.
You barely miss the white imp.
The white imp is heavily wounded.
The white imp closely misses you. The goblin barely misses you.
You closely miss the white imp.
The white imp is heavily wounded.
The white imp hits you but does no damage.
You block the goblin's attack.
You closely miss the white imp.
The white imp is heavily wounded.
The white imp hits you but does no damage.
The goblin hits you with a +0 dagger.
* * * LOW HITPOINT WARNING * * *
You hit the white imp but do no damage.
The white imp is heavily wounded.
The white imp gestures at you. The puff of frost hits you!
You die...

### #.# .......... ..
#.# .......... ###.##.#
.........# #.#....+
.........+ ####.##...#
.........#####.........#
.........##.....#.##.#.#
......g5.##.##..#.##.#.#
.......@.##.#####.##.#.#
.(.......##....##.#....#
##...........<....####..
#############.#### ###
#.# ###


You could see a white imp and a goblin.

Vanquished Creatures
  4 adders
  2 dart slugs
  An orc (D:4)
  6 bats
  An endoplasm (D:3)
  5 giant cockroaches
  7 goblins
  2 hobgoblins
  4 jackals
  2 quokkas
  3 ball pythons
  A frilled lizard (D:3)
  7 kobolds
  6 rats
51 creatures vanquished.

Notes
Turn   | Place    | Note
-------+----------+-------------------------------------------
     0 | D:1      | greasedhog the Gargoyle Venom Mage began the quest for the
                  | Orb.
     0 | D:1      | Reached XP level 1. HP: 10/10 MP: 3/3
   133 | D:1      | Reached skill level 1 in Transmutations
   210 | D:1      | Reached XP level 2. HP: 15/15 MP: 3/5
   509 | D:1      | Learned a level 2 spell: Poisonous Vapours
   686 | D:1      | Reached XP level 3. HP: 19/19 MP: 2/6
   994 | D:2      | Found Lekled's Magic Scroll Shoppe.
  1032 | D:2      | Bought a scroll of identify for 20 gold pieces
  1181 | D:2      | Found a hazy altar of Hepliaklqana.
  1379 | D:2      | Found a faded altar of an unknown god.
  1389 | D:2      | Reached XP level 4. HP: 24/24 MP: 5/8
  1714 | D:3      | Learned a level 3 spell: Mephitic Cloud
  2045 | D:3      | Reached skill level 4 in Poison Magic
  2928 | D:4      | Noticed a necrophage
  3174 | D:4      | Killed from afar by a white imp

Illustrated notes

Levels and vault maps discovered:
D:1:      minmay_arrival_jagged, layout_loops_ring, minmay_tiny_reverse_x
D:2:      layout_basic, serial_shops, nicolae_diamond_shop,
          chequers_ecumenical_altar_simple_redux, basic_altar
D:3:      layout_basic
D:4:      layout_basic, kennysheep_minor_cross, minmay_misc_feat_doors

Skill      XL: |  1  2  3  4 |
---------------+-------------+-----
Transmutations | 1 |  1.0
Spellcasting   | 3 |  3.3
Poison Magic   | 4 |  4.2
Dodging        | |  1.5
Stealth        | |  2.1

Action                     |  1- 3 |  4- 6 || total
---------------------------+-------+-------++-------
  Melee: Short sword       |    23 |     9 ||    32
         Unarmed           |     2 |       ||     2
         Dagger            |       |    13 ||    13
   Cast: Sting             |    45 |    30 ||    75
    Use: Scroll            |     2 |     3 ||     5
 Armour: Robe              |     8 |    18 ||    26
  Dodge: Dodged            |    19 |    14 ||    33
  Block: Other             |     1 |     4 ||     5

Table legend: (Time is in decaauts)
 A = Elapsed time spent in this place.
 B = Non-inter-level travel time spent in this place.
 C = Inter-level travel time spent in this place.
 D = Time resting spent in this place.
 E = Time spent auto-exploring this place.
 F = Levels seen in this place.
 G = Mean time per level.
                   A        B        C        D        E       F      G
               +--------+--------+--------+--------+--------+-----+--------+
         Total |   3174 |   2920 |    254 |     50 |   2480 |   4 |  793.5 |
       Dungeon |   3174 |   2920 |    254 |     50 |   2480 |   4 |  793.5 |
               +--------+--------+--------+--------+--------+-----+--------+

Top non-repeatable levels by time:
     D:3: 1107 daAuts
     D:1: 1048 daAuts
     D:2: 753 daAuts
     D:4: 264 daAuts
